 Dungeon Crawl Stone Soup version 0.31.0-11-ge490571c62 (webtiles) character file.

Game seed: 7365854303211311807

57 SnakkuSnakku7 the Ducker (level 4, -2/34 HPs)
             Began as a Merfolk Air Elementalist on Jan 31, 2024.
             Killed from afar by an orc wizard (12 damage)
             ... with a magic dart
             ... on level 4 of the Dungeon.
             The game lasted 00:03:34 (1431 turns).

SnakkuSnakku7 the Ducker (Merfolk Air Elementalist) Turns: 1431, Time: 00:03:35

Health: -2/34      AC:  2    Str: 10    XL:     4   Next: 0%
Magic:  2/7        EV: 12    Int: 14    God:
Gold:   150        SH:  0    Dex: 14    Spells: 6/7 levels left

rFire   . .          .
                       - Unarmed
rCold   . . .        (no shield)
rNeg    . . .        a - +0 robe
rPois   .            (no helmet)
rElec   .            (no cloak)
rCorr   +            (no gloves)
SInv    .            (no boots)
Will    .....        (no amulet)
Stlth   ++           g - ring of resist corrosion
HPRegen 0.25/turn    (no ring)
MPRegen 0.10/turn

%: no passive effects
@: no status effects
A: (nimble swimmer 2), mertail
a: no special abilities


You were on level 4 of the Dungeon.
You visited 1 branch of the dungeon, and saw 4 of its levels.

You collected 150 gold pieces.

Inventory:

Armour
 a - a +0 robe (worn)
Jewellery
 e - an amulet of magic regeneration
 g - a ring of resist corrosion (left hand)
Scrolls
 c - a scroll of fog {unknown}
 d - 2 scrolls of immolation {unknown}
 f - a scroll of identify {unknown}
 j - a scroll of teleportation {unknown}
Potions
 b - a potion of magic
 i - a potion of heal wounds


   Skills:
 + Level 2.5 Fighting
 - Level 2.6 Dodging
 - Level 2.1 Stealth
 + Level 2.5 Unarmed Combat
 - Level 2.0 Spellcasting
 - Level 0.7 Conjurations
 - Level 2.4 Air Magic


You had 6 spell levels left.
You knew the following spells:

 Your Spells              Type           Power      Damage    Failure   Level
a - Shock                 Conj/Air       20%        1d4       13%         1

Your spell library contained the following spells:

 Spells                   Type           Power      Damage    Failure   Level
 Static Discharge         Conj/Air       10%        3-4/arc   19%         2
 Swiftness                Air            8%         N/A       26%         3
 Lesser Beckoning         Tloc           2%         N/A       34%         2
 Gell's Gravitas          Tloc           1%         N/A       56%         3
 Teleport Other           Tloc           1%         N/A       56%         3
 Airstrike                Air            4%         2d(1-17)  65%         4


Dungeon Overview and Level Annotations

Branches:
Dungeon (4/15)
 Temple: D:4-7

Altars:

Shops:
D:1 [

Annotations:
D:1 exclusion: gnoll
D:4 exclusion: gnoll


Innate Abilities, Weirdness & Mutations

((You are very nimble when in or above water. (Stealth+, EV+, Speed+++)))
Your lower body shifts to a powerful aquatic tail in water.


Message History

You miss something. Your punch misses something. Something hits you.
The orc closely misses you.
You miss something. Your punch misses something.
Something hits you but does no damage. The orc barely misses you.
You barely miss something. Something hits you.
The orc hits you but does no damage.
You hit something but do no damage. Something hits you.
You hit something but do no damage. The orc completely misses you.
Something hits you.
You hit something. The orc barely misses you. Something barely misses you.
You closely miss the orc.
The orc is moderately wounded.
The orc misses you.
You hear some strange, mumbled words.
A puff of flame appears from out of thin air!
The puff of flame hits you!
You hit the orc.
The orc is severely wounded.
The orc hits you with a +0 flail.
You hear some strange, mumbled words.
You are confused.
You hit the orc but do no damage.
The orc is severely wounded.
The orc closely misses you. Something hits you.
It was a potion of curing.
You feel better. The orc barely misses you. Something hits you.
You hit the orc but do no damage.
The orc is severely wounded.
The orc closely misses you. Something hits you.
You hit the orc.
The orc is almost dead.
The orc hits you with a +0 flail. Something hits you.
* * * LOW HITPOINT WARNING * * *
You barely miss the orc.
The orc is almost dead.
The orc barely misses you.
You hear some strange, mumbled words.
A magic dart appears from out of thin air!
The magic dart hits you!
You die...

#. ### #.##..
#.##.# #.##.# ###
#.##.##
##.###.##.##
##...#...#.##
######............
#@o.....).....####
####{####.....#†##
#........#...##.#
#.##.###.##.###.#
# ##.# #.######'##
#..# #.# ##...##
#.## #.# ##.....##
#.# #.###...(...##
... ..##.........#


You could see an orc.

Vanquished Creatures
  An adder (D:1)
  7 endoplasms
  2 giant cockroaches
  3 hobgoblins
  4 jackals (D:1)
  2 quokkas
  8 ball pythons
  5 bats
  4 frilled lizards
  6 goblins
  A kobold (D:2)
43 creatures vanquished.

Notes
Turn   | Place    | Note
-------+----------+-------------------------------------------
     0 | D:1      | SnakkuSnakku7 the Merfolk Air Elementalist began the quest
                  | for the Orb.
     0 | D:1      | Reached XP level 1. HP: 13/13 MP: 3/3
   172 | D:1      | Reached skill level 1 in Fighting
   172 | D:1      | Reached skill level 1 in Unarmed Combat
   190 | D:1      | Found Tioxewk's Armour Shoppe.
   240 | D:1      | Reached XP level 2. HP: 17/21 MP: 1/5
   662 | D:1      | Reached XP level 3. HP: 14/27 MP: 3/6
  1201 | D:2      | You fall into a shaft and drop 2 floors!
  1358 | D:3      | Identified the +6 spear of the Immovable Deaths {freeze,
                  | MP+9 Int+2}
  1382 | D:3      | Reached XP level 4. HP: 32/34 MP: 3/7
  1431 | D:4      | Killed from afar by an orc wizard

Illustrated notes

Levels and vault maps discovered:
D:1:      mrwooster_arrival_statue_2, layout_loops_ring, serial_shops,
          nicolae_square_shop
D:2:      layout_rooms
D:3:      layout_rooms
D:4:      layout_loops_corners, uniq_blork_the_orc

Skill      XL: |  1  2  3 |
---------------+----------+-----
Fighting       | 1 2 |  2.5
Unarmed Combat | 1 2 |  2.5
Dodging        | |  2.6
Stealth        | |  2.1
Spellcasting   | |  2.0
Conjurations   | |  0.7
Air Magic      | |  2.4

Action                     |  1- 3 |  4- 6 || total
---------------------------+-------+-------++-------
  Melee: Unarmed           |    76 |    13 ||    89
         Punch             |     1 |       ||     1
   Cast: Shock             |    69 |     4 ||    73
    Use: Potion            |       |     2 ||     2
   Stab: Sleeping          |     1 |       ||     1
 Armour: Robe              |    46 |    22 ||    68
  Dodge: Dodged            |    84 |    21 ||   105
